 Dungeon Crawl Stone Soup version 0.30-a0-618-gd6c86c23d0 (webtiles) character file.

Game seed: 10968684540917751618

32278 bmack86 the Fighter (level 13, -3/125 HPs)
             Began as a Minotaur Fighter on Jan 10, 2023.
             Was a High Priest of Okawaru.
             Slain by Kirke (7 damage)
             ... on level 3 of the Lair of Beasts.
             The game lasted 00:41:14 (14198 turns).

bmack86 the Fighter (Minotaur Fighter)             Turns: 14198, Time: 00:41:14

Health: -3/125     AC:  0    Str: 27    XL:     13   Next: 30%
Magic:  15/15      EV: 13    Int:  5    God:    Okawaru [*****.]
Gold:   250        SH:  0    Dex:  9    Spells: 12/12 levels left

rFire   . . .      SeeInvis .    (weapon currently unavailable)
rCold   . . .      Faith    .    (shield currently unavailable)
rNeg    . . .      Spirit   .    (body armour currently unavailable)
rPois   .          Reflect  .    (helmet currently unavailable)
rElec   .          Harm     .    (cloak currently unavailable)
rCorr   .          Rampage  .    (gloves currently unavailable)
Will    .....                    (boots currently unavailable)
Stlth   +                        j - amulet of regeneration
HPRegen 1.20/turn                (ring currently unavailable)
MPRegen 0.14/turn                (ring currently unavailable)

@: pig-form, studying Staves, very quick
A: fast, no casting, small, (horns 2), (retaliatory headbutt)
a: Renounce Religion, Heroism, Finesse, Duel


You were on level 3 of the Lair of Beasts.
You worshipped Okawaru.
Okawaru was extremely pleased with you.
You were a filthy swine.
You visited 3 branches of the dungeon, and saw 16 of its levels.

You collected 1000 gold pieces.
You spent 750 gold pieces at shops.

Inventory:

Hand Weapons
 r - a +3 broad axe of chaos
 G - a +5 war axe (melded)
Missiles
 h - 3 silver javelins
 n - 6 curare-tipped darts
 A - 48 poisoned darts
 Q - 3 javelins
Armour
 c - a +0 buckler (melded)
 x - a +0 pair of gloves (melded)
 y - a +1 pair of boots (melded)
 H - a +0 plate armour (melded)
 L - a +0 hat of willpower (melded)
Jewellery
 i - an amulet of magic regeneration
 j - an amulet of regeneration (around neck)
 m - an amulet of faith
 p - a ring of flight
 q - a +4 ring of protection (melded)
 s - an amulet of the acrobat
 t - a +6 ring of intelligence
 v - a ring of protection from cold
 C - the amulet "Hiogg" {RegenMP *Corrode +Inv Dex+2}
   (You found it on level 6 of the Dungeon)

   [amulet of magic regeneration]

   It increases your rate of magic regeneration.
   Dex:       It affects your dexterity (+2).
   +Inv:      It lets you turn invisible.
   *Corrode:  It may corrode you when you take damage.
 O - a +5 ring of evasion
 R - the ring of Tif Fiet (melded) {rElec Str+6 Int+5}
   (You bought it in a shop on level 2 of the Dungeon)

   [ring of strength]

   Str:       It affects your strength (+6).
   Int:       It affects your intelligence (+5).
   rElec:     It insulates you from electricity.
Wands
 d - a wand of flame (16)
 w - a wand of light (29)
 F - a wand of digging (9)
 M - a wand of mindburst (10)
 N - a wand of polymorph (8)
Scrolls
 b - 3 scrolls of identify
 e - 3 scrolls of poison
 f - 6 scrolls of blinking
 E - a scroll of fog
 I - 7 scrolls of teleportation
 J - a scroll of torment
 K - 2 scrolls of fear
Potions
 a - 5 potions of might
 g - 3 potions of resistance
 k - a potion of heal wounds
 l - 4 potions of brilliance
 o - 3 potions of ambrosia
 u - a potion of attraction {unknown}
 z - 5 potions of curing
 D - 2 potions of flight


   Skills:
 * Level 14.7 Fighting
 * Level 14.4 Axes
 + Level 8.5 Throwing
 + Level 11.0 Armour
 + Level 10.8 Shields
 + Level 5.0 Invocations


You had 12 spell levels left.
You didn't know any spells.
Your spell library contained the following spells:

 Spells                   Type           Power      Damage    Failure   Level
 Sandblast                Erth           0%         2d4       47%         1
 Blink                    Tloc           0%         N/A       63%         2
 Cigotuvi's Dreadful Rot  Necr/Pois/Air  0%         N/A       63%         2
 Momentum Strike          Conj/Tloc      0%         3d8       63%         2
 Passwall                 Tmut/Erth      0%         N/A       63%         2
 Ignite Poison            Fire/Tmut/Pois 0%         N/A       85%         3
 Inner Flame              Hex/Fire       0%         N/A       85%         3
 Lesser Beckoning         Tloc           0%         N/A       85%         3
 Portal Projectile        Hex/Tloc       0%         N/A       85%         3
 Stone Arrow              Conj/Erth      0%         3d7       85%         3
 Cause Fear               Hex            0%         N/A       99%         4
 Dispel Undead            Necr           0%         3d6       99%         4
 Manifold Assault         Tloc           0%         N/A       99%         4
 Passage of Golubria      Tloc           0%         N/A       99%         4
 Sticky Flame             Conj/Fire      0%         2d3       99%         4
 Blade Hands              Tmut           0%         N/A       100%        5
 Freezing Cloud           Conj/Ice/Air   0%         6-21      100%        5
 Silence                  Hex/Air        0%         N/A       100%        5
 Storm Form               Tmut/Air       0%         N/A       100%        7
 Discord                  Hex            0%         N/A       100%        8
 Ignition                 Fire           0%         3d3       100%        8
 Lehudib's Crystal Spear  Conj/Erth      0%         10d2      100%        8
 Polar Vortex             Ice            0%         N/A       100%        9
 Tukima's Dance           Hex            Unusable   N/A       N/A         3
 Death Channel            Necr           Unusable   N/A       N/A         6
 Simulacrum               Ice/Necr       Unusable   N/A       N/A         6

Dungeon Overview and Level Annotations

Branches:
Dungeon (12/15)            Temple (1/1) D:6            Lair (3/5) D:11
  Swamp (0/4) Lair:2       Spider (0/4) Lair:2          Orc (0/2) D:10

Altars:
Ashenzari
Cheibriados
Dithmenos
Elyvilon
Fedhas
Gozag
Hepliaklqana
Kikubaaqudgha
Makhleb
Nemelex Xobeh
Okawaru
Qazlal
Ru
Sif Muna
Trog
Uskayaw
Vehumet
Wu Jian
Xom
Yredelemnul
Zin
The Shining One

Shops:
D:2 *!=   D:3 ?   D:4 ?   D:12 *?((

Annotations:
D:7 1 runed translucent door, Crazy Yiuf
Lair:1 3 runed translucent doors, drugrobin's ghost, journeyman DgDe
Lair:3 Kirke


Innate Abilities, Weirdness & Mutations

You are a filthy swine.
You move quickly.
Your equipment is almost entirely melded.
You are incapable of wielding weapons or throwing items.
You cannot cast spells.
((You have a pair of horns on your head.))
((You reflexively headbutt those who attack you in melee.))


Message History

Your +0 pair of gloves melds into your body.
Your +1 pair of boots melds into your body.
Your +0 buckler melds into your body.
Your +0 plate armour melds into your body.
The ring of Tif Fiet {rElec Str+6 Int+5} melds into your body.
Your +4 ring of protection melds into your body.
You feel less strong-willed.
You feel weaker.
You hit Kirke but do no damage.
Kirke is almost dead.
Kirke completely misses you.
You barely miss Kirke.
Kirke is almost dead.
Kirke casts a spell.
Kirke summons a manticore!
You hit the manticore but do no damage. Kirke barely misses you.
You hit the manticore but do no damage. The manticore bites you!!
The manticore claws you! The manticore misses you. Kirke hits you!
You bite the manticore!
The manticore is lightly wounded.
The manticore bites you!! The manticore claws you!
The manticore barely misses you.
You hit the manticore.
The manticore is moderately wounded.
Kirke hits you!
* * * LOW HITPOINT WARNING * * *
The manticore bites you!!
* * * LOW HITPOINT WARNING * * *
The manticore barely misses you. The manticore claws you.
* * * LOW HITPOINT WARNING * * *
You closely miss the manticore.
The manticore is moderately wounded.
Kirke gestures wildly while chanting.
Kirke summons a manticore!
The manticore completely misses you. The manticore misses you.
The manticore claws you.
* * * LOW HITPOINT WARNING * * *
You bite the manticore!
The manticore is moderately wounded.
Kirke hits you!
You die...

...........#.#....#.......#..##
...........##.###..#....P......
.........#####.##.8.#†.........
...###...............#........#
.# #..........#8.>.8#.........
###PP..###.#.....###..#....
#P...###.#.....# ##......
##....#HH###+.## ####...
##P####h#.....## #...... ###
##@h.8...###.....P
##.h........#.....#
##..8..<..8..##..†<#
##.............#.....
#.......8÷......##...
.....#....".......##.
..8..#.÷......8..#...
#...8..##.....#..


You could see Kirke, 2 manticores and 2 hogs.

Vanquished Creatures
  Gastronok (D:9)
  Josephine (D:12)
  A hydra (Lair:2)
  3 two-headed ogres
  A boulder beetle (D:10)
  Erica (D:8)
  Pikel (D:9)
  3 cyclopes
  A manticore (D:12)
  2 slime creatures (D:11)
  2 black mambas
  A torpor snail (Lair:1)
  A centaur zombie (D:10)
  11 cane toads
  An unseen horror (D:11)
  7 komodo dragons
  A rime drake (Lair:1)
  An unseen horror zombie (D:10)
  A polar bear (Lair:2)
  3 trolls
  4 blink frogs (Lair:2)
  Sigmund (D:4)
  4 shadows
  2 vampires (D:10)
  7 wraiths
  A hog (Lair:3)
  37 yaks
  4 wyverns
  A basilisk (Lair:3)
  Grum (D:8)
  3 redbacks (Lair:2)
  2 vampire mosquitoes (D:12)
  Menkaure (D:7)
  An acid dragon (D:10)
  7 water moccasins
  3 orc warriors
  A sky beast (D:6)
  An ice beast (D:6)
  3 black bears
  4 wolves (D:8)
  7 centaurs
  2 phantoms
  A lemure (D:9)
  5 kobold brigands
  18 bullfrogs
  A necrophage (D:4)
  6 scorpions
  9 wights
  15 killer bees
  6 howler monkeys
  A crimson imp (D:4)
  5 hounds
  6 orc priests
  Jessica (D:2)
  3 gnoll boudas
  5 iguanas
  10 orc wizards
  2 howler monkey zombies (D:10)
  13 gnolls
  10 adders
  3 white imps
  2 worms
  3 dart slugs
  19 orcs
  9 endoplasms
  6 giant cockroaches
  13 hobgoblins
  10 jackals
  40 kobolds
  2 quokkas
  11 ball pythons
  6 bats
  7 frilled lizards
  5 goblins
  4 rats
398 creatures vanquished.

Vanquished Creatures (others)
  22 fungi
  28 plants
50 creatures vanquished.

Grand Total: 448 creatures vanquished

Notes
Turn   | Place    | Note
-------+----------+-------------------------------------------
     0 | D:1      | bmack86 the Minotaur Fighter began the quest for the Orb.
     0 | D:1      | Reached XP level 1. HP: 19/19 MP: 0/0
     6 | D:1      | Noticed a wolf
     6 | D:1      | Noticed a polar bear
     7 | D:1      | Noticed a swamp drake
   217 | D:1      | Reached XP level 2. HP: 27/27 MP: 1/1
   403 | D:1      | Reached XP level 3. HP: 33/33 MP: 2/2
   790 | D:2      | Found Umirphin's Jewellery Shoppe.
   890 | D:2      | Found Jyozagiy's Distillery.
   894 | D:2      | Noticed Jessica
   910 | D:2      | Killed Jessica
   911 | D:2      | Reached XP level 4. HP: 29/41 MP: 3/3
  1047 | D:2      | Reached skill level 1 in Throwing
  1352 | D:2      | Found Ydaicw's General Store.
  1627 | D:3      | Reached XP level 5. HP: 33/47 MP: 4/4
  1708 | D:3      | Found a blossoming altar of Fedhas.
  1812 | D:3      | Found Seehile's Magic Scroll Emporium.
  1821 | D:3      | Bought a scroll of identify for 24 gold pieces
  2168 | D:3      | Found a faded altar of an unknown god.
  2199 | D:4      | Noticed a phantom
  2208 | D:4      | Reached skill level 5 in Fighting
  2221 | D:3      | Killed a phantom
  2222 | D:3      | Reached XP level 6. HP: 34/56 MP: 5/5
  2416 | D:4      | Identified a scroll of acquirement
  2417 | D:4      | Acquired a +1 broad axe of freezing
  2515 | D:4      | Found a burning altar of Makhleb.
  2515 | D:4      | Found a radiant altar of Vehumet.
  2633 | D:4      | Found Kyala's Magic Scroll Shop.
  2666 | D:4      | Found a stormy altar of Qazlal.
  2720 | D:4      | Noticed a two-headed ogre
  2720 | D:4      | Noticed a sky beast
  2749 | D:4      | Noticed Sigmund
  2755 | D:4      | Killed Sigmund
  2756 | D:4      | Reached skill level 5 in Axes
  2756 | D:4      | Reached skill level 5 in Armour
  2756 | D:4      | Reached skill level 5 in Shields
  2756 | D:4      | Reached XP level 7. HP: 58/63 MP: 6/6
  2774 | D:4      | Found a glowing golden altar of the Shining One.
  2981 | D:5      | Entered Level 5 of the Dungeon
  3286 | D:5      | Reached XP level 8. HP: 47/73 MP: 7/7
  3775 | D:5      | Found a shadowy altar of Dithmenos.
  4299 | D:6      | Identified the amulet "Hiogg" {RegenMP *Corrode +Inv Dex+2}
  4369 | D:6      | Found a staircase to the Ecumenical Temple.
  4375 | D:6      | Reached XP level 9. HP: 82/82 MP: 8/8
  4406 | Temple   | Entered the Ecumenical Temple
  4406 | Temple   | Found a transporter.
  4406 | Temple   | Found a transporter.
  4408 | Temple   | Found a transporter.
  4408 | Temple   | Found a transporter.
  5431 | D:7      | Found a runed translucent door.
  5432 | D:7      | Noticed Crazy Yiuf
  5517 | D:7      | Found an ornate altar of the Wu Jian Council.
  5518 | D:7      | Found a broken altar of Ashenzari.
  5518 | D:7      | Noticed Menkaure
  5521 | D:7      | Killed Menkaure
  5568 | D:7      | Reached skill level 5 in Throwing
  6049 | D:8      | Found an iron altar of Okawaru.
  6167 | D:8      | Found an ancient bone altar of Kikubaaqudgha.
  6357 | D:8      | Reached XP level 10. HP: 88/93 MP: 9/9
  6358 | D:8      | Noticed Grum
  6363 | D:8      | Reached skill level 10 in Fighting
  6366 | D:8      | Killed Grum
  6781 | D:9      | Noticed Gastronok
  6799 | D:9      | Killed Gastronok
  6800 | D:9      | Reached skill level 10 in Axes
  7160 | D:9      | Noticed a two-headed ogre
  7162 | D:9      | Noticed Pikel
  7162 | D:9      | Noticed a two-headed ogre
  7176 | D:9      | Killed a two-headed ogre
  7179 | D:9      | Killed a two-headed ogre
  7180 | D:9      | Reached XP level 11. HP: 102/102 MP: 10/10
  7189 | D:9      | Killed Pikel
  7278 | D:8      | Found a shimmering altar of Xom.
  7289 | D:8      | Became a worshipper of Warmaster Okawaru
  7811 | D:8      | Noticed Erica
  7817 | D:8      | Killed Erica
  7817 | D:8      | Reached * piety under Okawaru
  7830 | D:8      | Found a hazy altar of Hepliaklqana.
  7899 | D:8      | Found a shimmering blue altar of Sif Muna.
  8072 | D:10     | Entered Level 10 of the Dungeon
  8322 | D:10     | Reached ** piety under Okawaru
  8343 | D:10     | Reached skill level 1 in Invocations
  8448 | D:10     | Noticed a boulder beetle
  8462 | D:10     | Killed a boulder beetle
  8783 | D:10     | Found a staircase to the Orcish Mines.
  9091 | D:11     | Reached *** piety under Okawaru
  9478 | D:11     | HP: 4/106 [poisoned by a kobold brigand (curare-tipped
                  | dart)]
  9479 | D:11     | HP: 1/106 [poisoned by a kobold brigand (curare-tipped
                  | dart)]
  9774 | D:11     | Found a staircase to the Lair.
 10071 | D:11     | Reached XP level 12. HP: 114/115 MP: 9/13
 10217 | D:12     | Found Pyre Caineyn's Antique Weapon Boutique.
 10311 | D:12     | Found Rihas's Antique Weapon Emporium.
 10462 | D:12     | Found Suquh's Assorted Antiques.
 10534 | D:12     | Reached **** piety under Okawaru
 10678 | D:12     | Found Xegof's Magic Scroll Shoppe.
 10762 | D:12     | Noticed Josephine
 10776 | D:12     | Killed Josephine
 10777 | D:12     | Reached skill level 10 in Armour
 10949 | D:12     | Noticed a two-headed ogre
 10954 | D:12     | Killed a two-headed ogre
 10954 | D:12     | Received a gift from Okawaru
 11258 | D:2      | Bought the ring of Tif Fiet {rElec Str+6 Int+5} for 726
                  | gold pieces
 11468 | Lair:1   | Entered Level 1 of the Lair of Beasts
 11515 | Lair:1   | Noticed a seven-headed hydra
 11516 | Lair:1   | Noticed drugrobin's ghost (journeyman DgDe)
 11545 | Lair:1   | Found a runed translucent gate.
 11626 | Lair:1   | Reached skill level 10 in Shields
 11636 | Lair:1   | Received a gift from Okawaru
 11934 | Lair:1   | Found a runed translucent gate.
 11936 | Lair:1   | Found a runed translucent gate.
 12345 | Lair:1   | Reached ***** piety under Okawaru
 12566 | Lair:2   | Noticed a seven-headed hydra
 12577 | Lair:2   | Killed a 14-headed hydra
 12716 | Lair:2   | Found a staircase to the Swamp.
 12838 | Lair:2   | Received a gift from Okawaru
 13037 | Lair:2   | Received a gift from Okawaru
 13038 | Lair:2   | Reached XP level 13. HP: 103/125 MP: 15/15
 13223 | Lair:2   | Found a hole to the Spider Nest.
 14098 | Lair:3   | Reached skill level 5 in Invocations
 14179 | Lair:3   | Noticed Kirke
 14196 | Lair:3   | HP: 5/125 [manticore[Kirke] (5)]
 14198 | Lair:3   | Slain by Kirke

Illustrated notes

Levels and vault maps discovered:
D:1:      onia_arrival_zoo_common, layout_basic
D:2:      layout_basic, serial_shops, nicolae_shop_window_shopping,
          shop_fountains, nicolae_lakefront_shop,
          chequers_serial_rivers_micro_c, uniq_jessica
D:3:      layout_rooms, mainiacjoe_overflow_alcove_1, serial_shops, shop,
          dreamdust_ecumenical_altar_hidden_monk_grotto,
          dreamdust_princess_bridge, minmay_puff
D:4:      layout_rooms, grunt_temple_overflow_lords_of_destruction, tso_altar,
          mainiacjoe_overflow_boulevard, serial_shops,
          nicolae_shop_advertising_works [nicolae_subvault_shop_adworks],
          lightli_corner_chamber, uniq_sigmund
D:5:      layout_rooms, grunt_dithmenos_smoke_and_mirrors
D:6:      layout_rooms, minmay_temple_entry_statues_pillars,
          portal_sewer_entry_b, amethyst_killhole, grunt_decor_resistance
D:7:      layout_loops_cross, mainiacjoe_overflow_divided_tiny,
          hangedman_decor_slide_cut, kennysheep_generic_room_4,
          uniq_crazy_yiuf_cottage, uniq_menkaure
D:8:      layout_basic, kiku_gazebo_pond_becter, nicolae_overflow_hidden_temple,
          lemuel_blue_sif_altar, nicolae_hepliaklqana_hippocampus, uniq_grum,
          uniq_erica
D:9:      layout_basic, uniq_pikel, uniq_gastronok
D:10:     layout_long_grid, orc_0_dummy, serial_undead, serial_undead_c,
          serial_undead_a, serial_undead_e, serial_undead_f
D:11:     layout_loops_ring, grunt_lair_entry_orc_guard_hut
D:12:     layout_loops_cross, serial_shops, nicolae_shop_hallway_stairs, shop,
          shop, shop, kennysheep_generic_room_16, uniq_josephine
Temple:   hellmonk_temple_divided_pantheon
Lair:1:   layout_cellular_growth, serial_forest, infiniplex_forest_lined_3,
          infiniplex_forest_zigzag_1, infiniplex_forest_straight_4,
          infiniplex_forest_lined_2, infiniplex_forest_clump_large,
          infiniplex_forest_lined_corner, infiniplex_forest_clump_small,
          gammafunk_ghost_split
Lair:2:   layout_roguey, swamp_mist, spider_nest_entry_a
Lair:3:   layout_misc_corridors, grunt_megastairs_3, uniq_kirke

Skill      XL: |  1  2  3  4  5  6  7  8  9 10 11 12 13 |
---------------+----------------------------------------+-----
Fighting       | 4 5 6 7 8 9 11 13 14 | 14.7
Axes           | 3 4 5 6 7 9 11 12 13 14 | 14.4
Armour         | 4 5 6 7 8 9 10 11 | 11.0
Shields        | 4 5 6 7 8 9 10 | 10.8
Throwing       | 1 2 3 4 5 6 7 8 |  8.5
Invocations    | 2 4 5 |  5.0

Action                   |  1- 3 |  4- 6 |  7- 9 | 10-12 | 13-15 || total
-------------------------+-------+-------+-------+-------+-------++-------
Melee: War axe           |    57 |    97 |   163 |   488 |   105 ||   910
       Headbutt          |    11 |    14 |    27 |   101 |    19 ||   172
       Broad axe         |       |    16 |    74 |       |       ||    90
       Unarmed           |       |       |       |       |     8 ||     8
Throw: Javelin           |    18 |    12 |     7 |    14 |       ||    51
Invok: Heroism           |       |       |       |     7 |       ||     7
       Finesse           |       |       |       |     1 |       ||     1
  Use: Scroll            |       |    12 |     5 |    11 |       ||    28
       Potion            |       |       |     1 |     5 |       ||     6
Armor: Scale mail        |    39 |    62 |       |       |       ||   101
       Chain mail        |       |    14 |   158 |       |       ||   172
       Plate armour      |       |       |    27 |   289 |    74 ||   390
Dodge: Dodged            |    20 |    90 |   126 |   248 |    43 ||   527
Block: Buckler           |    15 |    35 |    61 |   134 |    35 ||   280

Table legend: (Time is in decaauts)
 A = Elapsed time spent in this place.
 B = Non-inter-level travel time spent in this place.
 C = Inter-level travel time spent in this place.
 D = Time resting spent in this place.
 E = Time spent auto-exploring this place.
 F = Levels seen in this place.
 G = Mean time per level.
                   A        B        C        D        E       F      G
               +--------+--------+--------+--------+--------+-----+--------+
         Total |  14337 |  13492 |    845 |   1860 |   6828 |  16 |  896.1 |
       Dungeon |  11599 |  10832 |    767 |   1369 |   5452 |  12 |  966.6 |
        Temple |     37 |     37 |      0 |      0 |      0 |   1 |   37.0 |
          Lair |   2699 |   2621 |     78 |    491 |   1375 |   3 |  899.7 |
               +--------+--------+--------+--------+--------+-----+--------+

Top non-repeatable levels by time:
     D:9: 1259 daAuts
    D:11: 1258 daAuts
     D:5: 1190 daAuts
  Lair:2: 1184 daAuts
  Lair:1: 1091 daAuts
     D:7: 1073 daAuts
     D:8: 1046 daAuts
    D:10: 1005 daAuts
    D:12: 861 daAuts
     D:3: 852 daAuts
     D:2: 808 daAuts
     D:4: 752 daAuts
     D:1: 751 daAuts
     D:6: 739 daAuts
  Lair:3: 423 daAuts
